 Dungeon Crawl Stone Soup version 0.20.1-1-g8b1a95d (webtiles) character file.

86123 letownia2 the Severer (level 15, -1/132 HPs)
             Began as a Deep Dwarf Necromancer on Nov 29, 2017.
             Was an Initiate of Gozag.
             Killed from afar by a merfolk aquamancer (22 damage)
             ... with a torrent of water
             ... on level 1 of the Shoals.
             The game lasted 01:37:23 (25350 turns).

letownia2 the Severer (Deep Dwarf Necromancer)     Turns: 25350, Time: 01:37:24

Health: -1/132     AC: 18    Str: 17    XL:     15   Next: 40%
Magic:  27/37      EV: 20    Int: 17    God:    Gozag
Gold:   1052       SH:  0    Dex: 16    Spells: 28/32 levels left

rFire    + . .     SeeInvis .   a - +4 battleaxe (freeze)
rCold    . . .     Gourm    .   (shield currently unavailable)
rNeg     + . .     Faith    .   F - +4 scale mail {rF+}
rPois    +         Spirit   .   w - +2 hat
rElec    .         Reflect  .   M - +1 cloak
rCorr    .         Harm     .   q - +1 pair of gloves of Vich {MP+9 Dex+3}
MR       ++...                  (no boots)
Stlth    +.........             (no amulet)
Regen    0.0/turn               D - ring of poison resistance
MPRegen  0.3/turn               O - +6 ring of evasion

@: non-regenerating
A: damage resistance, heal wounds, negative energy resistance 1, sense
surroundings 2, no regeneration
a: Heal Wounds, Potion Petition, Call Merchant, Bribe Branch, Renounce Religion


You were on level 1 of the Shoals.
You worshipped Gozag.
Gozag was most pleased with you.
You were very hungry.

You visited 6 branches of the dungeon, and saw 26 of its levels.
You also visited: Ice Cave and Volcano.

You collected 8065 gold pieces.
You spent 351 gold pieces at shops.
You paid 6662 gold pieces to Gozag.

Inventory:

Hand Weapons
 a - a +4 battleaxe of freezing (weapon)
 c - a +0 blowgun
 n - a +1 spear of flaming
 Q - the +7 hunting sling of Cowardice {speed, Int+4}
   (You found it on level 7 of the Dungeon)

   Attacks with this weapon are significantly faster.
   It affects your intelligence (+4).
Missiles
 C - 6 poisoned javelins (quivered)
 I - 2 throwing nets
 X - 3 curare-tipped needles
Armour
 q - the +1 pair of gloves of Vich (worn) {MP+9 Dex+3}
   (You bought it in a shop on level 9 of the Dungeon)

   It affects your dexterity (+3).
   It affects your magic capacity (+9).
 w - a +2 hat (worn)
 F - a +4 scale mail of fire resistance (worn)
 M - a +1 cloak (worn)
Jewellery
 o - an uncursed ring of see invisible
 D - a ring of poison resistance (left hand)
 G - a +4 ring of evasion
 O - a +6 ring of evasion (right hand)
 T - an uncursed ring of protection from fire
 V - a +4 ring of strength
Wands
 b - a wand of scattershot (7/9)
 h - a wand of digging (11/24)
 y - a wand of polymorph (5/24)
 H - a wand of flame (9/48)
 J - a wand of confusion (27/48)
 S - a wand of flame (14/48)
 W - a wand of iceblast (0/15)
Scrolls
 d - 2 scrolls of blinking
 g - 6 scrolls of teleportation
 i - 5 scrolls of identify
 t - a scroll of recharging
 x - 2 scrolls of silence
 A - 4 scrolls of magic mapping
 E - a scroll of fear
 K - 6 scrolls of remove curse
 Y - 2 scrolls of immolation
Potions
 e - 4 potions of agility
 f - 5 potions of flight
 k - 11 potions of curing
 l - 3 potions of cancellation
 m - 3 potions of mutation
 r - a potion of invisibility
 u - 2 potions of brilliance
 v - 7 potions of haste
 z - 7 potions of heal wounds
 N - 2 potions of might
 P - 3 potions of magic
 R - 5 potions of lignification
Miscellaneous
 j - a lightning rod (4/4)
 p - a phial of floods
 B - a fan of gales
Comestibles
 s - 4 royal jellies
 U - 11 bread rations


   Skills:
 - Level 7.7 Fighting
 + Level 18.3 Axes
 - Level 7.1 Armour
 - Level 7.9 Dodging
 - Level 2.4 Stealth
 - Level 9.2 Spellcasting
 - Level 14.3 Necromancy
 - Level 6.5 Evocations


You had 28 spell levels left.
You knew the following spells:

 Your Spells              Type           Power        Failure   Level  Hunger
a - Pain                  Necr           ####         1%          1    None
v - Vampiric Draining     Necr           ######....   1%          3    None


Dungeon Overview and Level Annotations

Branches:
Dungeon (15/15)            Temple (1/1) D:5            Lair (6/6) D:10
 Shoals (1/4) Lair:4       Spider (1/4) Lair:4        Slime (0/5) Lair:6
    Orc (2/2) D:11            Elf (0/3) Orc:2        Vaults (0/5) D:14
 Depths (0/5) D:15

Altars:
Ashenzari
Cheibriados
Dithmenos
Elyvilon
Fedhas
Gozag
Hepliaklqana
Kikubaaqudgha
Makhleb
Nemelex Xobeh
Okawaru
Qazlal
Ru
Sif Muna
Trog
Uskayaw
Vehumet
Xom
Yredelemnul
Zin
The Shining One
Beogh

Shops:
D:6 [   D:9 [   D:10 ?   D:11 :*:   Orc:2 :(}?(   Lair:1 (   Lair:2 [([[

Annotations:
D:9 1 exclusion
D:11 Josephine


Innate Abilities, Weirdness & Mutations

You are resistant to damage.
You can heal yourself by infusing magical energy.
You resist negative energy. (rN+)
You passively map the area around you.
You do not regenerate.


Message History

The merfolk shouts!
The snapping turtle bites you!! The snapping turtle closely misses you.
The merfolk aquamancer gestures at you while chanting.
The shard of ice hits you!
* * * LOW HITPOINT WARNING * * *
There is a staircase back to the Lair, spattered with blood here.
Unknown command.
Unknown command.
Casting: Vampiric Draining
Confirm with . or Enter, or press ? or * to list all spells.
Aiming: Vampiric Draining
Press: ? - help, Shift-Dir - straight line, f - merfolk aquamancer
Aim: a merfolk aquamancer, wielding a rapier of freezing and wearing a robe The merfolk aquamancer is lightly wounded.
You feel life coursing into your body.
The snapping turtle bites you but does no damage.
The merfolk aquamancer points at you and mumbles some strange words.
The torrent of water hits you!
You die...
Your body crumbles into a pile of gold.

≈ ≈ ≈ ≈
≈≈≈≈≈≈....≈.... , ≈
≈ ≈≈≈≈≈≈≈..$...(..
* ≈
≈≈≈≈≈≈≈.≈≈.........
≈ ≈
≈≈≈≈..≈≈.#...... ≈
,≈ ..≈≈...≈.....≈≈.
,,
≈..........≈≈...≈≈≈
,
..........t.≈≈..≈≈
≈ ,
..≈......≈@..≈≈≈≈≈
.....####.m≈..≈≈≈≈
≈ , *
......####m....≈≈≈
≈ ≈
≈.≈......≈$≈.....≈.
≈
≈..≈≈≈..$$$m......≈
≈ ≈ ≈≈
...≈≈≈.$$.##.....≈
≈ ≈ , , .....≈m.?.#
.....≈ ≈≈ ≈
,≈..≈......# ......
≈≈.≈≈......,......
≈≈≈ ≈


You could see a merfolk aquamancer, a snapping turtle and 2 merfolk.

Vanquished Creatures
  Gastronok (D:7)
  2 fire dragons (D:15)
  Erolcha (Orc:2)
  2 catoblepae
  A merfolk avatar (Lair:6)
  5 ogre magi
  A centaur warrior (D:15)
  19 two-headed ogres
  3 merfolk aquamancers (Shoals:1)
  A tengu warrior (D:15)
  A hell knight (Volcano)
  4 skeletal warriors (D:15)
  Nergalle (Orc:1)
  3 sea snakes
  4 unseen horrors
  An orc knight (Orc:2)
  A deep elf archer (D:14)
  4 deep elf magi
  A harpy (Lair:6)
  7 ugly things
  4 orc sorcerers (Orc:2)
  6 manticores
  A merfolk siren (Shoals:1)
  6 elephants
  2 cyclopes (D:15)
  Joseph (D:8)
  2 ice statues (IceCv)
  4 black mambas
  12 spiny frogs
  3 rime drakes
  2 yaktaurs
  3 komodo dragons
  A freezing wraith (D:14)
  A merfolk (Shoals:1)
  10 trolls
  A queen bee (D:11)
  A polar bear (Lair:6)
  4 blink frogs (Lair:5)
  9 hippogriffs
  Prince Ribbit (D:6)
  A meliai zombie (D:14)
  3 slime creatures
  6 dream sheep (Lair:6)
  A snapping turtle (Shoals:1)
  A shadow (D:15)
  Sigmund (D:2)
  4 redbacks
  5 wyverns
  27 yaks
  A tarantella (Lair:4)
  2 basilisks
  5 wraiths
  6 fire bats (Volcano)
  Grum (D:8)
  2 hungry ghosts (D:7)
  8 vampire mosquitoes
  2 wargs (Orc:1)
  An insubstantial wisp (Lair:1)
  2 hell hounds (D:10)
  11 water moccasins
  5 sky beasts
  Purgy (D:3)
  6 porcupines
  A hornet zombie (D:15)
  3 phantoms
  A black bear (D:7)
  11 ice beasts
  14 orc warriors
  A sky beast (shapeshifter) (D:14)
  A swamp drake (Lair:1)
  16 wolves
  15 ogres
  10 centaurs
  15 crocodiles
  2 big kobolds
  13 bullfrogs
  3 scorpions
  23 killer bees
  4 wights
  An electric eel (Lair:6)
  A howler monkey (D:10)
  11 crimson imps
  6 lava snakes (Volcano)
  A bullfrog zombie (D:5)
  4 centaur zombies
  2 jellies
  18 orc priests
  Crazy Yiuf (D:2)
  4 hounds
  A bullfrog skeleton (D:9)
  6 centaur skeletons
  11 iguanas
  39 orc wizards
  13 worker ants
  3 hound skeletons
  A worker ant zombie (D:9)
  17 adders
  3 gnolls (D:3)
  6 shadow imps
  3 oozes
  An adder zombie (D:9)
  An adder skeleton (D:10)
  5 worms
  10 leopard geckos
  76 orcs
  4 ball pythons
  6 giant cockroaches
  2 goblins
  5 hobgoblins
  16 jackals
  8 quokkas
  10 bats
  13 frilled lizards
  A jackal skeleton (D:4)
  19 kobolds
  A leopard gecko skeleton (D:6)
  A quokka skeleton (D:4)
  A quokka zombie (D:9)
  13 rats
  2 fungi (Lair:6)
  4 plants
723 creatures vanquished.

Vanquished Creatures (collateral kills)
  An oklob plant (Lair:6)
1 creature vanquished.

Vanquished Creatures (others)
  A sea snake (Shoals:1)
  An orc sorcerer (Orc:2)
  2 orc wizards (Orc:2)
  2 orcs (Orc:2)
  A frilled lizard (Lair:1)
  5 fungi
  15 plants
27 creatures vanquished.

Grand Total: 751 creatures vanquished

Notes
Turn   | Place    | Note
-------+----------+-------------------------------------------
     0 | D:1      | letownia2 the Deep Dwarf Necromancer began the quest for the Orb.
     0 | D:1      | Reached XP level 1. HP: 15/15 MP: 3/3
   105 | D:2      | Noticed Sigmund
   259 | D:3      | Noticed an iguana
   277 | D:2      | Reached XP level 2. HP: 4/22 MP: 0/5
   287 | D:2      | Reached skill level 5 in Necromancy
   574 | D:2      | Reached XP level 3. HP: 5/28 MP: 3/6
   579 | D:2      | Learned a level 3 spell: Vampiric Draining
   619 | D:2      | Found a runed door.
  1065 | D:3      | Reached XP level 4. HP: 21/36 MP: 3/7
  1121 | D:3      | Found a glowing golden altar of the Shining One.
  1122 | D:3      | Found a white marble altar of Elyvilon.
  1123 | D:3      | Found a glowing silver altar of Zin.
  1173 | D:3      | Noticed a phantom
  1634 | D:3      | Noticed Purgy
  1805 | D:4      | Reached XP level 5. HP: 38/42 MP: 8/8
  2026 | D:4      | Reached skill level 1 in Fighting
  2136 | D:4      | Noticed a phantom
  2366 | D:4      | Reached XP level 6. HP: 38/52 MP: 9/9
  2578 | D:4      | Found an ancient bone altar of Kikubaaqudgha.
  2578 | D:4      | Found a bloodstained altar of Trog.
  2608 | D:4      | Found a sparkling altar of Nemelex Xobeh.
  2682 | D:5      | Entered Level 5 of the Dungeon
  2914 | D:5      | Found a staircase to the Ecumenical Temple.
  2953 | D:6      | Noticed an ice beast
  2960 | D:6      | Killed an ice beast
  3039 | D:6      | Found a hazy altar of Hepliaklqana.
  3095 | Temple   | Entered the Ecumenical Temple
  3132 | Temple   | Became a worshipper of Gozag Ym Sagoz the Greedy
  3223 | D:6      | Noticed a two-headed ogre
  3379 | D:5      | Reached XP level 7. HP: 11/62 MP: 12/12
  3775 | D:4      | Found a shimmering altar of Xom.
  4008 | D:3      | Killed Purgy
  4008 | D:3      | Reached skill level 5 in Spellcasting
  4276 | D:2      | Found a shattered altar of Ashenzari.
  4317 | D:2      | Reached XP level 8. HP: 51/69 MP: 16/16
  4449 | D:2      | Found a burning altar of Makhleb.
  4758 | D:2      | Noticed Crazy Yiuf
  4763 | D:2      | Killed Crazy Yiuf
  4863 | D:2      | Killed Sigmund
  5987 | D:6      | Noticed Prince Ribbit
  6621 | D:8      | Noticed Joseph
  6621 | D:8      | Noticed Gastronok
  6621 | D:8      | Noticed a two-headed ogre
  6778 | D:8      | Gained mutation: You passively map the area around you. [Deep Dwarf growth]
  6778 | D:8      | Reached XP level 9. HP: 61/76 MP: 20/20
  7722 | D:7      | Reached skill level 1 in Armour
  8198 | D:6      | Killed Prince Ribbit
  8559 | D:8      | Reached XP level 10. HP: 78/84 MP: 23/23
  8943 | D:9      | Reached skill level 1 in Axes
  8943 | D:9      | Reached skill level 1 in Evocations
  9125 | D:9      | Noticed a two-headed ogre
  9177 | D:8      | Reached skill level 2 in Axes
  9220 | D:8      | Noticed Grum
  9241 | D:8      | Killed Grum
  9268 | D:8      | Reached skill level 10 in Necromancy
 10034 | D:9      | Reached skill level 3 in Axes
 10373 | D:9      | Noticed a two-headed ogre
 10417 | D:9      | Killed a two-headed ogre
 10417 | D:9      | Reached skill level 5 in Fighting
 10417 | D:9      | Reached skill level 4 in Axes
 10417 | D:9      | Reached skill level 5 in Evocations
 10432 | D:9      | Killed a two-headed ogre
 10527 | D:9      | Bought a pair of jewelled gloves for 351 gold pieces
 10537 | D:9      | Identified the +1 pair of gloves of Vich {MP+9 Dex+3} (You bought it in a shop on level 9 of the Dungeon)
 10576 | D:8      | Killed a two-headed ogre
 10576 | D:8      | Reached XP level 11. HP: 82/96 MP: 18/24
 10586 | D:8      | Killed Joseph
 10586 | D:8      | Reached skill level 5 in Axes
 10783 | D:6      | Killed a two-headed ogre
 11259 | D:10     | Entered Level 10 of the Dungeon
 11640 | D:7      | Killed Gastronok
 12069 | D:10     | Found a staircase to the Lair.
 12136 | D:10     | Found Imel's Magic Scroll Emporium.
 12706 | D:11     | Found Jehia's Book Boutique.
 12706 | D:11     | Noticed Josephine
 12800 | Lair:1   | Entered Level 1 of the Lair of Beasts
 12900 | Lair:1   | Found a frozen archway.
 13433 | IceCv    | Entered an ice cave
 13433 | IceCv    | Noticed a white ugly thing
 13445 | IceCv    | Killed a white ugly thing
 13445 | IceCv    | Reached XP level 12. HP: 86/105 MP: 15/25
 13474 | IceCv    | Found a transporter.
 13993 | D:11     | Reached skill level 6 in Axes
 14067 | D:11     | Noticed a two-headed ogre
 14109 | D:11     | Killed a two-headed ogre
 14109 | D:11     | Reached skill level 7 in Axes
 14207 | D:11     | Found Ygaovam's General Store.
 14346 | D:11     | Found Woruc's Book Emporium.
 14585 | D:11     | Found a staircase to the Orcish Mines.
 14673 | D:11     | Reached skill level 5 in Dodging
 14829 | Orc:1    | Entered Level 1 of the Orcish Mines
 15362 | Orc:2    | Entered Level 2 of the Orcish Mines
 15398 | Orc:2    | Found a dark tunnel.
 15410 | Volcano  | Entered a volcano
 15626 | Volcano  | Reached skill level 5 in Armour
 15678 | Volcano  | Noticed a two-headed ogre
 15678 | Volcano  | Noticed a two-headed ogre
 15720 | Volcano  | Killed a two-headed ogre
 15732 | Volcano  | Killed a two-headed ogre
 15772 | Volcano  | Noticed a two-headed ogre
 15774 | Volcano  | Noticed a two-headed ogre
 15779 | Volcano  | Noticed an ogre mage
 15783 | Volcano  | Noticed a two-headed ogre
 15789 | Volcano  | Killed a two-headed ogre
 15789 | Volcano  | Reached skill level 8 in Axes
 15791 | Volcano  | Killed a two-headed ogre
 15800 | Volcano  | Killed an ogre mage
 15810 | Volcano  | Killed a two-headed ogre
 15819 | Volcano  | Reached XP level 13. HP: 115/115 MP: 5/26
 15853 | Volcano  | Found a radiant altar of Vehumet.
 15932 | Volcano  | Found a radiant altar of Vehumet.
 16459 | Orc:2    | Found a radiant altar of Vehumet.
 16528 | Orc:2    | Found a staircase to the Elven Halls.
 16536 | Orc:2    | Found Runymaqo's Weapon Boutique.
 16727 | Orc:2    | Found Gosakej's Book Boutique.
 16830 | Orc:2    | Noticed Nergalle
 16956 | Orc:1    | Killed Nergalle
 17034 | Orc:2    | Found a radiant altar of Vehumet.
 17035 | Orc:2    | Noticed Erolcha
 17062 | Orc:2    | Killed Erolcha
 17076 | Orc:2    | Reached skill level 9 in Axes
 17085 | Orc:2    | Paralysed by an ogre mage for 5 turns
 17093 | Orc:2    | Found a roughly hewn altar of Beogh.
 17093 | Orc:2    | Found Wiydia Soxo's Magic Scroll Shop.
 17853 | Orc:2    | Found Ilysouv's Antique Weapon Boutique.
 17888 | Orc:2    | Found Kugh's Gadget Shop.
 17970 | Orc:2    | Reached skill level 10 in Axes
 18007 | Orc:2    | Found an ancient bone altar of Kikubaaqudgha.
 18638 | D:7      | Got a transparent hunting sling
 18639 | D:7      | Identified the +7 hunting sling of Cowardice {speed, Int+4} (You found it on level 7 of the Dungeon)
 18795 | D:12     | Found a stormy altar of Qazlal.
 19207 | D:13     | Reached skill level 11 in Axes
 19247 | D:13     | Found a shattered altar of Ashenzari.
 19499 | D:13     | Reached skill level 12 in Axes
 20312 | D:14     | Gained mutation: You resist negative energy. (rN+) [Deep Dwarf growth]
 20312 | D:14     | Reached XP level 14. HP: 94/124 MP: 25/27
 20392 | D:14     | Reached skill level 13 in Axes
 20544 | D:14     | Found a gate to the Vaults.
 20632 | D:14     | Reached skill level 14 in Axes
 20999 | D:15     | Entered Level 15 of the Dungeon
 21109 | D:15     | Found a staircase to the Depths.
 21277 | D:15     | Reached skill level 15 in Axes
 22031 | D:13     | Reached skill level 16 in Axes
 22370 | Lair:4   | Identified Rewunnuote's Grimoire of Curses and Clay
 22483 | Lair:6   | Entered Level 6 of the Lair of Beasts
 22812 | Lair:6   | Found a staircase to the Slime Pits.
 23006 | Lair:6   | Reached XP level 15. HP: 117/132 MP: 28/28
 23009 | Lair:6   | Found a hide-covered altar of Uskayaw.
 23078 | Lair:6   | Reached skill level 17 in Axes
 24577 | Lair:4   | Found a staircase to the Shoals.
 24654 | Lair:4   | Found a bloodstained altar of Trog.
 24815 | Lair:4   | Found a hole to the Spider Nest.
 24832 | Spider:1 | Entered Level 1 of the Spider Nest
 25174 | Shoals:1 | Entered Level 1 of the Shoals
 25205 | Shoals:1 | Reached skill level 18 in Axes
 25350 | Shoals:1 | Killed from afar by a merfolk aquamancer

Skill      XL: |  1  2  3  4  5  6  7  8  9 10 11 12 13 14 15 |
---------------+----------------------------------------------+-----
Spellcasting   | 2 3 5 7 9 |  9.2
Necromancy     | 5 6 7 8 9 10 13 14 | 14.3
Fighting       | 1 3 5 6 7 |  7.7
Armour         | 4 6 7 |  7.1
Axes           | 4 5 8 12 16 18 | 18.3
Evocations     | 5 6 |  6.5
Dodging        | 7 |  7.9
Stealth        | |  2.4

Action                   |  1- 3 |  4- 6 |  7- 9 | 10-12 | 13-15 || total
-------------------------+-------+-------+-------+-------+-------++-------
Melee: Dagger            |    16 |    84 |    10 |   513 |       ||   623
       Mace              |       |       |    22 |   112 |    34 ||   168
       Short sword       |       |       |    34 |       |       ||    34
       Hand crossbow     |       |       |     2 |       |       ||     2
       Hand axe          |       |       |       |    66 |   625 ||   691
       Spear             |       |       |       |       |     2 ||     2
       Battleaxe         |       |       |       |       |   474 ||   474
 Fire: Hand crossbow     |       |    11 |    79 |       |       ||    90
       Blowgun           |       |       |     1 |    51 |       ||    52
Throw: Throwing net      |       |       |       |     5 |       ||     5
       Javelin           |       |       |       |       |     4 ||     4
 Cast: Pain              |    35 |    61 |   209 |    96 |       ||   401
       Vampiric Draining |     6 |    32 |    86 |   266 |   326 ||   716
Invok: Call Merchant     |       |       |     1 |     2 |     4 ||     7
       Potion Petition   |       |       |       |     1 |       ||     1
Evoke: Wand              |       |       |     4 |    39 |    16 ||    59
       Lightning rod     |       |       |       |       |     4 ||     4
  Use: Scroll            |       |       |     5 |    16 |    15 ||    36
       Potion            |       |       |       |     2 |     3 ||     5
 Stab: Sleeping          |       |       |     2 |     7 |       ||     9
       Distracted        |       |       |       |     6 |     6 ||    12
       Held in net/web   |       |       |       |     1 |       ||     1
  Eat: Chunk             |     2 |    11 |       |       |       ||    13
       Meat ration       |       |       |     3 |     4 |     1 ||     8
       Royal jelly       |       |       |     2 |     1 |    10 ||    13
       Fruit             |       |       |       |     8 |     5 ||    13
Armor: Leather armour    |    12 |       |    57 |   194 |       ||   263
       Ring mail         |    11 |   114 |    11 |       |       ||   136
       Scale mail        |       |       |       |       |   446 ||   446
Dodge: Dodged            |    45 |   181 |   197 |  1063 |  1533 ||  3019
